 Dungeon Sprint DCSS version 0.28-a0-1524-ge72afd5fc6 (webtiles) character file.

Game seed: 4301599698526698844

12633 mhtbhm the Fencer (level 11, -29/117 HPs)
             Began as a White Draconian Berserker on Jan 17, 2022.
             Was the Champion of Trog.
             Annihilated by an orc knight (42 damage)
             ... in the Dungeon (Sprint IX: "|||||||||||||||||||||||||||||").
             The game lasted 00:05:12 (3051 turns).

mhtbhm the Fencer (White Draconian Berserker)       Turns: 3051, Time: 00:05:13

Health: -29/117    AC:  9    Str: 26    XL:     11   Next: 65%
Magic:  11/11      EV: 19    Int:  7    God:    Trog [******]
Gold:   1278       SH:  0    Dex: 12    Spells: 10/10 levels left

rFire   . . .      SeeInvis .   a - +1 triple sword (vorpal)
rCold   + . .      Faith    .   (shield currently unavailable)
rNeg    . . .      Spirit   .   (armour unavailable)
rPois   .          Reflect  .   (helmet restricted)
rElec   .          Harm     .   s - +0 cloak
rCorr   .          Rampage  .   t - +0 pair of gloves
Will    .....      NoTele   +   (no boots)
Stlth   +++.......              (no amulet)
HPRegen 0.29/turn               k - +3 ring of strength
MPRegen 0.12/turn               j - +2 ring of evasion

@: on berserk cooldown, slowed, very slow
A: breathe frost, AC +7, unfitting armour, cold resistance 1, cold-blooded
a: Breathe Frost, Renounce Religion, Berserk, Trog's Hand, Brothers in Arms


You were in the Dungeon.
You worshipped Trog.
Trog was exalted by your worship.
You visited 1 branch You collected 1278 gold pieces.

Inventory:

Hand Weapons
 a - a +1 vorpal triple sword (weapon)
 l - a +2 scimitar of holy wrath
 u - a +6 great sword
 v - a +2 double sword of flaming
 w - a +4 vorpal demon blade
Armour
 s - a +0 cloak (worn)
 t - a +0 pair of gloves (worn)
Jewellery
 j - a +2 ring of evasion (right hand)
 k - a +3 ring of strength (left hand)
Wands
 i - a wand of iceblast (8)
Scrolls
 g - 2 scrolls of blinking
 q - 5 scrolls of fog
 r - a scroll of identify
Potions
 b - 6 potions of curing
 c - 5 potions of heal wounds
 d - a potion of haste
 e - 4 potions of magic
 f - 2 potions of berserk rage
 h - a potion of invisibility
 m - a potion of might
 n - a potion of ambrosia
 p - a potion of mutation
Miscellaneous
 o - a phantom mirror


   Skills:
 + Level 17.0 Fighting
 + Level 20.1 Long Blades
 + Level 13.6 Dodging
 + Level 4.5 Stealth
 + Level 1.9 Evocations


You had 10 spell levels left.
You didn't know any spells.
Your spell library was empty.

Dungeon Overview and Level Annotations

Branches:
Dungeon (1/1)

Altars:
Cheibriados
Dithmenos
Elyvilon
Fedhas
Gozag
Hepliaklqana
Kikubaaqudgha
Makhleb
Nemelex Xobeh
Okawaru
Qazlal
Ru
Sif Muna
Trog
Uskayaw
Vehumet
Wu Jian
Xom
Yredelemnul
Zin
The Shining One
Beogh
Jiyva
Lugonu

Shops:
D *=


Innate Abilities, Weirdness & Mutations

You can breathe waves of freezing cold which knock back foes.
Your icy white scales are hard. (AC +7)
You cannot fit into any form of body armour.
Your flesh is cold resistant. (rC+)
You are cold-blooded and may be slowed by cold attacks.


Message History

You kill the orc sorcerer!
Trog accepts your kill.
Trog appreciates your killing of a magic user.
Your life force feels restored.
Your Fighting skill increases to level 17!
Your Long Blades skill increases to level 20!
The orc knight roars a battlecry!
The orc knight goes into a battle-frenzy!
The orc knight hits you with a +1 halberd of distortion!!!
Space warps around you.
Things that are here:
a +0 dagger; a +2 robe; 50 gold pieces You closely miss the orc knight.
Unknown command.
You closely miss the orc knight.
The orc knight hits you with a +1 halberd of distortion!!
* * * LOW HITPOINT WARNING * * *
Space warps around you.
* * * LOW HITPOINT WARNING * * *
Unknown command.
You chop the orc knight into pieces!!!
Your tail-slap misses the orc knight.
The orc knight is heavily wounded.
Unknown command.
You closely miss the orc knight.
The orc knight is heavily wounded.
The orc knight misses you.
You hit the orc knight.
The orc knight is heavily wounded.
The orc knight hits you with a +1 halberd of distortion!!
* * * LOW HITPOINT WARNING * * *
You hit the orc knight. You tail-slap the orc knight!
The orc knight is severely wounded.
You are no longer berserk.
You are exhausted.
You feel yourself slow down.
You hit the orc knight but do no damage.
The orc knight is severely wounded.
The orc sorcerer gestures wildly while chanting.
The orc knight hits you with a +1 halberd of distortion!!!
You die...

▓.▓.▓.▓)▓
▓4▓.▓.▓.▓.▓
▓o▓.▓.▓.▓[▓
▓o▓.▓.▓.▓[▓
▓o▓.▓.▓.▓[▓
▓4▓.▓.▓.▓.▓
▓o▓.▓.▓.▓)▓
▓o▓.▓.▓.▓?▓
▓@▓.▓.▓.▓.▓
▓)▓.▓)▓.▓'▓
▓)▓.▓.▓.▓_▓
▓.▓.▓.▓.▓_▓
▓.▓.▓.▓.▓_▓
▓.▓.▓.▓.▓_▓
▓.▓.▓.▓.▓_▓
▓.▓.▓.▓.▓_▓
▓.▓.▓.▓.▓_▓


You could see 2 orc knights, 2 orc sorcerers, 2 red devils and an orc (strong).

Vanquished Creatures
  Josephine (D)
  3 hydras (D)
  A centaur warrior (D)
  An orc high priest (D)
  An orc knight (D)
  An ugly thing (D)
  A manticore (D)
  An orc sorcerer (D)
  2 black mambas (D)
  Joseph (D)
  2 komodo dragons (D)
  6 cane toads (D)
  2 polar bears (D)
  2 trolls (D)
  5 wraiths (D)
  A basilisk (D)
  2 vampire mosquitoes (D)
  2 acid dragons (D)
  A water moccasin (D)
  An ice beast (D)
  7 orc warriors (D)
  2 wolves (D)
  6 bullfrogs (D)
  A howler monkey (D)
  2 orc priests (D)
  A gnoll shaman (D)
  8 orc wizards (D)
  2 adders (D)
  A dart slug (D)
  7 orcs (D)
  A giant cockroach (D)
  A hobgoblin (D)
  3 ball pythons (D)
  A jackal skeleton (D)
80 creatures vanquished.

Vanquished Creatures (collateral kills)
  3 orc warriors (D)
3 creatures vanquished.

Grand Total: 83 creatures vanquished

Notes
Turn   | Place    | Note
-------+----------+-------------------------------------------
     0 | D        | mhtbhm the Draconian Berserker began the quest for the Orb.
     0 | D        | Reached XP level 1. HP: 19/19 MP: 1/1
    14 | D        | Reached ** piety under Trog
   185 | D        | Noticed an ice beast
   195 | D        | Killed an ice beast
   196 | D        | Reached skill level 6 in Long Blades
   196 | D        | Reached skill level 5 in Dodging
   196 | D        | Reached XP level 2. HP: 10/30 MP: 2/2
   196 | D        | Reached XP level 3. HP: 13/37 MP: 3/3
   196 | D        | Reached XP level 4. HP: 15/44 MP: 4/4
   198 | D        | Reached *** piety under Trog
   214 | D        | Found a snail-covered altar of Cheibriados.
   214 | D        | Found a shadowy altar of Dithmenos.
   214 | D        | Found a white marble altar of Elyvilon.
   214 | D        | Found a blossoming altar of Fedhas.
   214 | D        | Found an opulent altar of Gozag.
   215 | D        | Found a hazy altar of Hepliaklqana.
   216 | D        | Found a viscous altar of Jiyva.
   217 | D        | Found an ancient bone altar of Kikubaaqudgha.
   218 | D        | Found a corrupted altar of Lugonu.
   219 | D        | Found a burning altar of Makhleb.
   220 | D        | Found a sparkling altar of Nemelex Xobeh.
   221 | D        | Found an iron altar of Okawaru.
   222 | D        | Found a stormy altar of Qazlal.
   223 | D        | Found a sacrificial altar of Ru.
   224 | D        | Found a shimmering blue altar of Sif Muna.
   225 | D        | Found a bloodstained altar of Trog.
   226 | D        | Found a hide-covered altar of Uskayaw.
   227 | D        | Found a radiant altar of Vehumet.
   228 | D        | Found an ornate altar of the Wu Jian Council.
   229 | D        | Found a shimmering altar of Xom.
   230 | D        | Found a basalt altar of Yredelemnul.
   231 | D        | Found a glowing silver altar of Zin.
   232 | D        | Found a glowing golden altar of the Shining One.
   424 | D        | Noticed a troll
   424 | D        | Noticed an acid dragon
   424 | D        | Noticed an orc warrior
   424 | D        | Noticed a troll
   429 | D        | Killed a troll
   430 | D        | Reached skill level 9 in Long Blades
   430 | D        | Reached skill level 1 in Stealth
   430 | D        | Reached XP level 5. HP: 50/53 MP: 5/5
   430 | D        | Reached XP level 6. HP: 58/61 MP: 6/6
   431 | D        | Killed an orc warrior
   431 | D        | Reached **** piety under Trog
   435 | D        | Reached skill level 10 in Long Blades
   535 | D        | Killed an acid dragon
   536 | D        | Your scales start taking on an icy white colour.
   536 | D        | Reached XP level 7. HP: 70/70 MP: 7/7
   536 | D        | Gained mutation: Your flesh is cold resistant. (rC+) [White
                  | Draconian growth]
   541 | D        | Killed a troll
   542 | D        | Reached skill level 11 in Long Blades
   644 | D        | Noticed a vampire mosquito
   644 | D        | Noticed a green ugly thing
   644 | D        | Noticed a centaur warrior
   644 | D        | Noticed a manticore
   651 | D        | Killed a manticore
   651 | D        | Reached ***** piety under Trog
   652 | D        | Reached skill level 10 in Fighting
   652 | D        | Reached skill level 12 in Long Blades
   652 | D        | Reached XP level 8. HP: 77/81 MP: 8/8
   656 | D        | Killed a centaur warrior
   657 | D        | Reached skill level 13 in Long Blades
   657 | D        | Reached skill level 10 in Dodging
   664 | D        | Killed a green ugly thing
   665 | D        | Reached skill level 14 in Long Blades
   665 | D        | Reached XP level 9. HP: 52/90 MP: 9/9
   880 | D        | Received a gift from Trog
  1045 | D        | Noticed an eight-headed hydra
  1045 | D        | Noticed a komodo dragon
  1045 | D        | Noticed a komodo dragon
  1056 | D        | Killed a komodo dragon
  1056 | D        | Noticed a black mamba
  1057 | D        | Reached skill level 15 in Long Blades
  1059 | D        | Killed a komodo dragon
  1399 | D        | Killed a 13-headed hydra
  1401 | D        | Reached XP level 10. HP: 43/101 MP: 10/10
  1673 | D        | Killed a black mamba
  1673 | D        | Received a gift from Trog
  1674 | D        | Reached skill level 16 in Long Blades
  1845 | D        | Noticed a five-headed hydra
  1845 | D        | Noticed a cane toad
  1845 | D        | Noticed a seven-headed hydra
  1845 | D        | Noticed a cane toad
  1847 | D        | Killed a cane toad
  1848 | D        | Reached skill level 1 in Evocations
  1848 | D        | Noticed a black mamba
  1851 | D        | Killed a nine-headed hydra
  1852 | D        | Noticed a cane toad
  1950 | D        | Killed an eight-headed hydra
  1951 | D        | Reached skill level 17 in Long Blades
  1959 | D        | Killed a cane toad
  1960 | D        | Reached skill level 15 in Fighting
  1964 | D        | Killed a black mamba
  1969 | D        | Killed a cane toad
  2094 | D        | Noticed a cane toad
  2096 | D        | Noticed a cane toad
  2108 | D        | Killed a cane toad
  2109 | D        | Reached skill level 18 in Long Blades
  2109 | D        | Reached XP level 11. HP: 113/113 MP: 11/11
  2114 | D        | Received a gift from Trog
  2114 | D        | Reached ****** piety under Trog
  2313 | D        | Noticed Joseph
  2322 | D        | Killed Joseph
  2440 | D        | Noticed Josephine
  2450 | D        | Killed Josephine
  2450 | D        | Received a gift from Trog
  2455 | D        | Reached skill level 19 in Long Blades
  2513 | D        | Received a gift from Trog
  2530 | D        | Received a gift from Trog
  2661 | D        | Noticed an orc knight
  2668 | D        | Received a gift from Trog
  2686 | D        | Killed an orc knight
  2700 | D        | Received a gift from Trog
  3032 | D        | Found Cedowusa's Jewellery Boutique.
  3032 | D        | Noticed an orc knight
  3032 | D        | Noticed an orc sorcerer
  3032 | D        | Noticed an orc high priest
  3033 | D        | Noticed an orc sorcerer
  3038 | D        | Killed an orc high priest
  3039 | D        | Found Asauqel's Assorted Antiques.
  3039 | D        | Noticed an orc knight
  3040 | D        | Noticed an orc sorcerer
  3043 | D        | Killed an orc sorcerer
  3044 | D        | Reached skill level 20 in Long Blades
  3051 | D        | Annihilated by an orc knight

Illustrated notes

Levels and vault maps discovered:
D:        linesprint [early_d, line_temple, items_1, d_10, items_2, lair_1,
          lair_end, items_3, orc_1, orc_end, items_4, d_15, swamp_1, shoals_1,
          snake_1, spider_1, d_20, vaults_1, items_5, swamp_end, shoals_end,
          snake_end, spider_end, vaults_end, d_27, items_6, zot_1, zot_end,
          crypt_end, forest_end, elf_end, slime_end, tomb_end, abyss_end,
          pan_hell_end]

Skill      XL: |  1  2  3  4  5  6  7  8  9 10 11 |
---------------+----------------------------------+-----
Dodging        | 5 7 8 9 10 11 13 | 13.6
Fighting       | 6 8 9 10 12 13 15 17 | 17.0
Long Blades    | 6 9 10 12 14 15 18 20 | 20.1
Stealth        | 1 2 3 4 |  4.5
Evocations     | 1 |  1.9

Action                   |  1- 3 |  4- 6 |  7- 9 | 10-12 || total
-------------------------+-------+-------+-------+-------++-------
Melee: Falchion          |    23 |    13 |       |       ||    36
       Tailslap          |     4 |     2 |     8 |    20 ||    34
       Scimitar          |       |     9 |    35 |       ||    44
       Punch             |       |       |     2 |       ||     2
       Great sword       |       |       |    29 |   130 ||   159
       Triple sword      |       |       |       |    15 ||    15
Invok: Berserk           |     1 |     2 |     3 |     6 ||    12
       Brothers in Arms  |       |       |     1 |     1 ||     2
 Abil: Breathe Frost     |       |       |       |     1 ||     1
Evoke: Wand              |       |       |     1 |     1 ||     2
       Phantom mirror    |       |       |     1 |       ||     1
  Use: Scroll            |       |       |     1 |       ||     1
Armor: Skin              |     3 |     2 |    17 |    16 ||    38
Dodge: Dodged            |    17 |    17 |    53 |    79 ||   166

Table legend: (Time is in decaauts)
 A = Elapsed time spent in this place.
 B = Non-inter-level travel time spent in this place.
 C = Inter-level travel time spent in this place.
 D = Time resting spent in this place.
 E = Time spent auto-exploring this place.
 F = Levels seen in this place.
 G = Mean time per level.
                   A        B        C        D        E       F      G
               +--------+--------+--------+--------+--------+-----+--------+
         Total |   3096 |   3096 |      0 |   1940 |    582 |   1 | 3096.0 |
       Dungeon |   3096 |   3096 |      0 |   1940 |    582 |   1 | 3096.0 |
               +--------+--------+--------+--------+--------+-----+--------+

Top non-repeatable levels by time:
       D: 3096 daAuts
